 Dungeon Crawl Stone Soup version 0.25-a0-635-g0c6c292ef3 (webtiles) character file.

Game seed: 13139688473060549886, levelgen mode: deterministic

83 Esekla the Skirmisher (level 4, -2/38 HPs)
             Began as a Formicid Abyssal Knight on Mar 20, 2020.
             Was a Believer of Lugonu.
             Slain by Sigmund
             ... wielding a +0 scythe
              (9 damage)
             ... on level 2 of the Dungeon.
             The game lasted 00:10:26 (1197 turns).

Esekla the Skirmisher (Formicid Abyssal Knight)     Turns: 1197, Time: 00:10:27

Health: -2/38      AC:  8    Str: 17    XL:     4   Next: 71%
Magic:  5/5        EV: 11    Int: 11    God:    Lugonu [**....]
Gold:   90         SH:  0    Dex: 13    Spells: 3/3 levels left

rFire    . . .     SeeInvis +   a - +2 falchion
rCold    . . .     Gourm    .   (no shield)
rNeg     . . .     Faith    .   d - +0 swamp dragon scales
rPois    +         Spirit   .   (helmet unavailable)
rElec    .         Reflect  .   (no cloak)
rCorr    .         Harm     .   (no gloves)
MR       .....                  m - +0 pair of boots
Stlth    +.........             (no amulet)
HPRegen  0.12/turn              b - +2 ring of dexterity (curse)
MPRegen  0.09/turn              (no ring)

@: no status effects
A: permanent stasis, dig shafts and tunnels, four strong arms, antennae 3
a: Dig, Shaft Self, Depart the Abyss, Bend Space, Renounce Religion


You were on level 2 of the Dungeon.
You worshipped Lugonu.
Lugonu was pleased with you.
You were near starving.

You visited 1 branch of the dungeon, and saw 2 of its levels.
You visited the Abyss 1 time.

You collected 90 gold pieces.

Inventory:

Hand Weapons
 a - a +2 falchion (weapon)
Armour
 d - +0 swamp dragon scales (worn)
 m - a +0 pair of boots (worn)
Jewellery
 b - a cursed +2 ring of dexterity (left hand)
Scrolls
 e - a scroll of remove curse
Potions
 f - a potion of berserk rage {unknown}
 g - a potion of brilliance {unknown}
 h - a potion of invisibility {unknown}
 i - a potion of might {unknown}
 j - a potion of curing {unknown}
Comestibles
 c - 3 rations


   Skills:
 * Level 4.5 Fighting
 + Level 3.0 Long Blades
 * Level 2.6 Armour
 + Level 1.2 Dodging
 + Level 2.3 Invocations


You had 3 spell levels left.
You didn't know any spells.
Your spell library was empty.

Dungeon Overview and Level Annotations

Branches:
Dungeon (2/15)

Altars:

Annotations:
D:2 Sigmund


Innate Abilities, Weirdness & Mutations

You cannot be hasted, slowed, berserked, paralysed or teleported.
You can dig through walls and to a lower floor.
Your four strong arms can wield two-handed weapons with a shield.
You have a pair of large antennae on your head. (SInv)


Message History

You completely miss Sigmund.
Sigmund is heavily wounded.
Sigmund barely misses you.
You barely miss Sigmund.
Sigmund is heavily wounded.
Sigmund giggles. "Time to reap what you sow."
Sigmund casts a spell at you. The magic dart hits you.
You closely miss Sigmund.
Sigmund is heavily wounded.
Sigmund hits you with a +0 scythe!
* * * LOW HITPOINT WARNING * * *
You barely miss Sigmund.
Sigmund is heavily wounded.
Sigmund barely misses you.
Are you sure you want to shaft yourself?
You are near starving!
You begin to dig a shaft.
You continue digging a shaft.
Sigmund hits you with a +0 scythe!
You die...

.## #..... .≈....#
####.# ...##). #..
....... ##.
....##.## ##.
....##..#####..
......#...##...
####...##.###....#.
###.@@.#
...####..##. ##
#...####
#...........
.##.###
###.#..##... ..#)#
#.#....... #.#.#
#.......## #.#.#
##....#..# #.#.#
##.<..###.. ###...#
####..#..# #.
##...###
#....##..###..


You could see Sigmund.

Vanquished Creatures
  Robin (D:2)
  An adder (D:2)
  An ooze (D:2)
  A dart slug (D:1)
  2 leopard geckos (D:1)
  3 giant cockroaches
  10 goblins
  9 hobgoblins
  3 jackals (D:2)
  A quokka (D:2)
  6 bats
  3 frilled lizards
  4 kobolds
  6 rats
51 creatures vanquished.

Notes
Turn   | Place    | Note
-------+----------+-------------------------------------------
     0 | Abyss:1  | Esekla the Formicid Abyssal Knight began the quest for the
                  | Orb.
     0 | Abyss:1  | Reached XP level 1. HP: 18/18 MP: 2/2
    12 | Abyss:1  | Found a corrupted altar of Lugonu.
    21 | Abyss:2  | Noticed a large abomination
    21 | Abyss:2  | Noticed a large abomination
    21 | Abyss:2  | Noticed a ghoul
    21 | Abyss:2  | Noticed a large abomination
    22 | D:1      | Escaped the Abyss
   208 | D:1      | Reached XP level 2. HP: 20/24 MP: 3/3
   258 | D:1      | Reached * piety under Lugonu
   297 | D:1      | Reached skill level 4 in Fighting
   382 | D:1      | Reached XP level 3. HP: 30/30 MP: 4/4
   448 | D:2      | Reached skill level 1 in Dodging
   718 | D:2      | Noticed Robin
   726 | D:2      | Reached XP level 4. HP: 38/38 MP: 5/5
   737 | D:2      | Reached ** piety under Lugonu
   793 | D:2      | Killed Robin
  1174 | D:2      | Noticed Sigmund
  1197 | D:2      | Slain by Sigmund

Levels and vault maps discovered:
D:1:      lemuel_arrival_rhombus, layout_basic
D:2:      layout_rooms, nicolae_qazlal_general_emergency, uniq_sigmund,
          uniq_robin

Skill      XL: |  1  2  3  4 |
---------------+-------------+-----
Fighting       | 4 |  4.5
Dodging        | 1 |  1.2
Long Blades    | 3 |  3.0
Armour         | |  2.6
Invocations    | |  2.3

Action                   |  1- 3 |  4- 6 || total
-------------------------+-------+-------++-------
Melee: Falchion          |    93 |    75 ||   168
Invok: Depart the Abyss  |     1 |       ||     1
 Abil: Shaft Self        |       |     1 ||     1
  Use: Scroll            |       |     4 ||     4
Armor: Swamp dragon scal |    41 |    29 ||    70
Dodge: Dodged            |    48 |    39 ||    87
       Rpst.: Falchion   |    20 |    13 ||    33

Table legend:
 A = Non-vault XP
 B = Vault XP
 C = Vault XP percentage of total XP
 D = Non-vault monster count
 E = Vault monster count
 F = Vault count percentage of total count
                 A         B        C        D         E       F
            +---------+---------+-------+---------+---------+-------
      Total |      81 |      38 |  31.9 |      38 |      13 |  25.5
            +---------+---------+-------+---------+---------+-------
        D:1 |      34 |       0 |   0.0 |      21 |       0 |   0.0
        D:2 |      47 |      38 |  44.7 |      17 |      13 |  43.3
            +---------+---------+-------+---------+---------+-------
